 Dungeon Crawl Stone Soup version 0.22.1-2-g9c5b331 (webtiles) character file.

286 nightchill the Grappler (level 6, -6/62 HPs)
             Began as a Ghoul Warper on Nov 23, 2018.
             Mangled by an orc warrior
             ... wielding a +0 long sword
              (7 damage)
             ... while paralysed by Grinder
             ... on level 6 of the Dungeon.
             The game lasted 00:06:17 (2774 turns).

nightchill the Grappler (Ghoul Warper)              Turns: 2774, Time: 00:06:18

Health: -6/62      AC:  4    Str: 12 (15) XL:     6   Next: 30%
Magic:  7/7        EV:  2    Int: 14 (15) God:
Gold:   108        SH:  0    Dex:  7 (8)  Spells: 8/8 levels left

rFire    . . .     SeeInvis .     - Unarmed
rCold    + . .     Gourm    .   (no shield)
rNeg     + + +     Faith    .   g - +2 robe {MR+}
rPois    ∞         Spirit   .   (no helmet)
rElec    .         Reflect  .   (no cloak)
rCorr    .         Harm     .   (no gloves)
MR       +....                  (no boots)
Stlth    +.........             (no amulet)
HPRegen  0.00/turn              (no ring)
MPRegen  0.10/turn              (no ring)

@: paralysed, brilliant, rotting
A: rotting body, claws 1, carnivore, cold resistance 1, negative energy
resistance 3, inhibited regeneration, torment resistance, unbreathing
a: no special abilities


You were on level 6 of the Dungeon.
You were not hungry.

You visited 1 branch of the dungeon, and saw 4 of its levels.

You collected 108 gold pieces.

Inventory:

Hand Weapons
 t - a +0 hunting sling
Missiles
 e - 5 tomahawks (quivered)
 i - 74 stones
 q - 24 sling bullets
Armour
 a - a +0 leather armour
 g - a +2 robe of magic resistance (worn)
 k - a +0 chain mail
 p - a +0 scale mail
Scrolls
 c - a scroll of blinking
 h - a scroll of immolation {unknown}
 l - 3 scrolls of enchant weapon {unknown}
 m - a scroll of enchant armour {unknown}
 o - 5 scrolls of identify
 s - a scroll of teleportation {unknown}
 v - a scroll of amnesia {unknown}
Potions
 n - 3 potions of curing
Comestibles
 f - 4 rations


   Skills:
 + Level 8.5 Fighting
 - Level 0.8 Throwing
 - Level 0.8 Armour
 - Level 1.7 Dodging
 * Level 11.6 Unarmed Combat
 - Level 1.7 Spellcasting
   Level 2.6 Translocations


You had 8 spell levels left.
You didn't know any spells.
Your spell library contained the following spells:

 Spells                   Type           Power        Failure   Level  Hunger
 Blink                    Tloc           N/A          1%          2    ###....
 Shroud of Golubria       Chrm/Tloc      ##........   2%          2    ###....
 Gell's Gravitas          Tloc           ###.......   3%          3    ####...
 Lesser Beckoning         Tloc           ###.......   3%          3    ####...
 Teleport Other           Tloc           ###.....     3%          3    ####...
 Passage of Golubria      Tloc           N/A          10%         4    #####..


Dungeon Overview and Level Annotations

Branches:
Dungeon (3/15)

Altars:
Dithmenos
Fedhas

Annotations:
D:6 Grinder


Innate Abilities, Weirdness & Mutations

Your body is rotting away.
You thrive on raw meat.
You are immune to poison.
You have sharp fingernails.
You are carnivorous and can eat meat at any time.
Your flesh is cold resistant. (rC+)
You are immune to negative energy. (rN+++)
You do not regenerate when monsters are visible.
You are immune to unholy pain and torment.
You can survive without breathing.


Message History

* * * LOW HITPOINT WARNING * * *
Grinder blinks!
The hound skeleton bites you.
* * * LOW HITPOINT WARNING * * *
Grinder gestures at you.
You suddenly lose the ability to move!
The hound skeleton bites you but does no damage.
Grinder hits you.
* * * LOW HITPOINT WARNING * * *
The hound skeleton bites you but does no damage.
Grinder hits you.
* * * LOW HITPOINT WARNING * * *
The hound skeleton barely misses you. The hound skeleton bites you.
* * * LOW HITPOINT WARNING * * *
Grinder hits you.
* * * LOW HITPOINT WARNING * * *
Grinder is no longer unusually resistant.
The orc warrior hits you with a long sword!
You die...

..#o###.#..##....##
........... #....#
...o#.......#....# # .
...)#.#####......##.##..
....#..###..##..........
....#...#... #...##.....
....#.8.#$8.##..g.......
........# ..##..Zo#####.
.......## ..#..5@.#
...##.#####.#####.#
............. ....#
....#.......##.....
###.###............. #.#
#....))# ...... #.#
#......#.......# #.#
#......o..[....# #.#
#....o.#....


You could see Grinder, an orc warrior, a gnoll and a hound skeleton.

Vanquished Creatures
  An orc priest (D:6)
  Jessica (D:2)
  3 adders
  2 gnolls (D:6)
  2 worms (D:2)
  A dart slug (D:1)
  A leopard gecko (D:1)
  2 orcs
  2 bats
  A giant cockroach (D:2)
  2 goblins
  4 hobgoblins
  6 jackals
  2 kobolds (D:1)
  A quokka (D:2)
  2 frilled lizards
  4 rats
37 creatures vanquished.

Notes
Turn   | Place    | Note
-------+----------+-------------------------------------------
     0 | D:1      | nightchill the Ghoul Warper began the quest for the Orb.
     0 | D:1      | Reached XP level 1. HP: 17/17 MP: 2/2
   423 | D:1      | Reached XP level 2. HP: 5/24 MP: 3/3
   864 | D:1      | Reached skill level 3 in Unarmed Combat
  1413 | D:2      | Reached XP level 3. HP: 23/30 MP: 4/4
  1538 | D:2      | Noticed Jessica
  1572 | D:2      | Killed Jessica
  1572 | D:2      | Reached skill level 4 in Unarmed Combat
  1572 | D:2      | Reached XP level 4. HP: 38/38 MP: 5/5
  2135 | D:3      | Found a shadowy altar of Dithmenos.
  2455 | D:3      | You fall through a shaft for 3 floors!
  2455 | D:6      | Found a blossoming altar of Fedhas.
  2479 | D:6      | Reached XP level 5. HP: 27/45 MP: 6/6
  2661 | D:6      | Reached skill level 5 in Unarmed Combat
  2662 | D:6      | Noticed an orc warrior
  2740 | D:6      | Noticed Grinder
  2741 | D:6      | Paralysed by Grinder for 3 turns
  2747 | D:6      | Reached skill level 11 in Unarmed Combat
  2747 | D:6      | Reached XP level 6. HP: 15/62 MP: 7/7
  2770 | D:6      | Paralysed by Grinder for 5 turns
  2773 | D:6      | HP: 1/62 [Grinder (5)]
  2774 | D:6      | Mangled by an orc warrior

Skill      XL: |  1  2  3  4  5 |
---------------+----------------+-----
Unarmed Combat | 3 4 11 | 11.6
Fighting       | 3 8 |  8.5
Throwing       | |  0.8
Armour         | |  0.8
Dodging        | |  1.7
Spellcasting   | |  1.7
Translocations | |  2.6

Action                   |  1- 3 |  4- 6 || total
-------------------------+-------+-------++-------
Melee: Unarmed           |   116 |    84 ||   200
Throw: Tomahawk          |     5 |     1 ||     6
  Use: Potion            |       |     5 ||     5
       Scroll            |       |     2 ||     2
  Eat: Chunk             |     2 |     4 ||     6
Armor: Leather armour    |     5 |       ||     5
       Robe              |    26 |    25 ||    51
Dodge: Dodged            |    63 |    58 ||   121
